 Dungeon Crawl Stone Soup version 0.25-a0-317-g5f8687bca5 (webtiles) character file.

Game seed: 15207358633270418619, levelgen mode: deterministic

602 DerDa the Magician (level 7, 0/61 HPs)
             Began as an Octopode Fire Elementalist on Dec 27, 2019.
             Was a Follower of Sif Muna.
             Slain by a hound (5 damage)
             ... on level 4 of the Dungeon.
             The game lasted 00:14:48 (3250 turns).

DerDa the Magician (Octopode Fire Elementalist)     Turns: 3250, Time: 00:14:48

Health: 0/61       AC:  1    Str: 13    XL:     7   Next: 41%
Magic:  2/15       EV: 13    Int: 19    God:    Sif Muna [*.....]
Gold:   248        SH:  0    Dex: 12    Spells: 3/16 levels left

rFire    . . .     SeeInvis .   j - +0 club
rCold    . . .     Gourm    .   (no shield)
rNeg     . . .     Faith    .   n - +0 hat
rPois    .         Spirit   .   (no amulet)
rElec    .         Reflect  .   (no ring)
rCorr    .         Harm     .   (no ring)
MR       .....                  (no ring)
Stlth    ..........             (no ring)
HPRegen  0.20/turn              (no ring)
MPRegen  0.14/turn              (no ring)
                                (no ring)
                                (no ring)

@: berserking, very slightly contaminated, invisible, very quick
A: almost no armour, stealthy swim, amphibious, 8 rings, constrict 8, camouflage
1, gelatinous body 1
a: Channel Magic, Renounce Religion


You were on level 4 of the Dungeon.
You worshipped Sif Muna.
Sif Muna was aware of your devotion.
You were hungry.

You visited 1 branch of the dungeon, and saw 4 of its levels.

You collected 248 gold pieces.

Inventory:

Hand Weapons
 j - a +0 club (weapon)
Missiles
 a - 164 stones (quivered)
 e - 45 sling bullets
 g - 6 poisoned darts
 h - 13 boomerangs
 l - 41 bolts
Armour
 n - a +0 hat (worn)
Scrolls
 c - 2 scrolls of teleportation {unknown}
 d - 2 scrolls of enchant weapon {unknown}
 f - 2 scrolls of amnesia {unknown}
 k - a scroll of random uselessness {unknown}
 m - a scroll of noise {unknown}
 q - 2 scrolls of identify {unknown}
 r - 3 scrolls of remove curse {unknown}
 s - 2 scrolls of magic mapping {unknown}
Potions
 p - a potion of might {unknown}
 t - a potion of agility {unknown}
 u - a potion of lignification {unknown}
 v - a potion of magic {unknown}
Comestibles
 b - 5 rations


   Skills:
 - Level 2.0 Dodging
 - Level 2.6 Stealth
 * Level 5.3 Spellcasting
 + Level 3.8 Conjurations
 + Level 4.8 Fire Magic


You had 3 spell levels left.
You knew the following spells:

 Your Spells              Type           Power        Failure   Level  Hunger
a - Foxfire               Conj/Fire      ###.         1%          1    None
b - Conjure Flame         Conj/Fire      ###.....     6%          3    ##.....
c - Sticky Flame          Conj/Fire      ###.....     21%         4    ####...
d - Fireball              Conj/Fire      ###.......   50%         5    #####..

Your spell library contained the following spells:

 Spells                   Type           Power        Failure   Level  Hunger
 Inner Flame              Hex/Fire       ##......     13%         3    ##.....


Dungeon Overview and Level Annotations

Branches:
Dungeon (4/15)             Temple (0/1) D:4

Altars:
Gozag
Sif Muna

Annotations:
D:4 1 runed translucent door, Crazy Yiuf, Edmund


Innate Abilities, Weirdness & Mutations

You cannot wear most types of armour.
You are very stealthy in the water. (Stealth+)
You are amphibious.
You can wear up to eight rings at the same time.
You can use your tentacles to constrict eight enemies at once.
Your skin changes colour to match your surroundings (Stealth+).
Your rubbery body absorbs attacks. (AC +1, EV +1)


Message History

* * * LOW HITPOINT WARNING * * *
The hound bites you.
* * * LOW HITPOINT WARNING * * *
You closely miss the hound. Your grab misses the hound.
The hound is heavily wounded.
The hound bites you.
* * * LOW HITPOINT WARNING * * *
The hound bites you.
* * * LOW HITPOINT WARNING * * *
You fade into invisibility!
The hound closely misses you.
It was a potion of berserk rage.
A red film seems to cover your vision as you go berserk!
You feel yourself moving faster!
You feel mighty! The hound bites you.
* * * LOW HITPOINT WARNING * * *
The hound closely misses you.
You sock the hound! You grab the hound.
The hound is almost dead.
You constrict the hound. The hound bites you.
You die...

##.......#######.# ###
##.#.##### #.# #.. ##.###
#.# #.# .#.# # #.# .###
.. #.# ## #.######.#
#.#.<....################
#.#.######.(.............
#......h@○O[....# ######
#...######.####.# #.....
#...# #.# #.####
#####...######.# #.####
........##.....# #.##..
..)........##### #.##.#
###....#####
###.####.##.# .......
#...........# .#....#
#.##.###.####


You could see an ogre and a hound.

Vanquished Creatures
  Grinder (D:4)
  An ogre (D:4)
  A howler monkey (D:4)
  2 orc priests (D:4)
  2 hounds (D:4)
  An orc wizard (D:3)
  A worker ant (D:4)
  3 adders
  An ooze (D:1)
  2 worms
  4 dart slugs
  2 leopard geckos (D:1)
  8 orcs
  7 bats
  4 giant cockroaches
  6 hobgoblins
  3 jackals (D:2)
  3 ball pythons (D:3)
  A frilled lizard (D:4)
  6 goblins
  3 kobolds (D:3)
  3 rats
65 creatures vanquished.

Vanquished Creatures (others)
  207 foxfires
207 creatures vanquished.

Grand Total: 272 creatures vanquished

Notes
Turn   | Place    | Note
-------+----------+-------------------------------------------
     0 | D:1      | DerDa the Octopode Fire Elementalist began the quest for
                  | the Orb.
     0 | D:1      | Reached XP level 1. HP: 11/11 MP: 3/3
   227 | D:1      | Reached XP level 2. HP: 16/17 MP: 1/5
   637 | D:1      | Reached XP level 3. HP: 21/21 MP: 3/6
   905 | D:2      | Found a shimmering blue altar of Sif Muna.
   908 | D:2      | Became a worshipper of Sif Muna the Loreminder
  1326 | D:2      | Reached skill level 3 in Spellcasting
  1493 | D:3      | Reached XP level 4. HP: 25/27 MP: 4/8
  1505 | D:3      | Found a faded altar of an unknown god.
  1813 | D:3      | Learned a level 3 spell: Conjure Flame
  1818 | D:3      | Learned a level 4 spell: Sticky Flame
  1829 | D:3      | Reached * piety under Sif Muna
  1944 | D:3      | Reached XP level 5. HP: 31/31 MP: 6/10
  2465 | D:4      | Reached skill level 4 in Spellcasting
  2582 | D:4      | Noticed an ogre
  2589 | D:4      | Killed an ogre
  2589 | D:4      | Reached XP level 6. HP: 36/36 MP: 3/12
  2680 | D:4      | Found a staircase to the Ecumenical Temple.
  2765 | D:4      | Noticed Edmund
  2773 | D:4      | Learned a level 5 spell: Fireball
  2879 | D:4      | Noticed Grinder
  2879 | D:4      | Paralysed by Grinder for 2 turns
  2887 | D:4      | Paralysed by Grinder for 3 turns
  2891 | D:4      | Killed Grinder
  2891 | D:4      | Reached skill level 5 in Spellcasting
  2891 | D:4      | Reached XP level 7. HP: 20/41 MP: 3/14
  3081 | D:4      | Found an opulent altar of Gozag.
  3128 | D:4      | Found a runed translucent door.
  3129 | D:4      | Noticed Crazy Yiuf
  3250 | D:4      | Slain by a hound

Levels and vault maps discovered:
D:1:      scummos_arrival_simple_crosswalls, layout_basic
D:2:      layout_loops_ring, lemuel_blue_sif_altar, first_ration,
          minmay_fountain_box
D:3:      layout_loops_cross, chequers_ecumenical_altar_island,
          kennysheep_generic_room_2
D:4:      layout_loops_ring, nicolae_gozag_cash_rules_everything_around_me,
          gammafunk_temple_overflow_statue, minmay_temple_entry_enclosed_plants,
          serial_bayou_ford_a, minmay_misc_feat_enclosed,
          minmay_fractal_squares_gapless_5, uniq_ijyb, uniq_edmund,
          uniq_crazy_yiuf_cottage, uniq_grinder

Skill      XL: |  1  2  3  4  5  6 |
---------------+-------------------+-----
Spellcasting   | 3 4 5 |  5.3
Conjurations   | 2 3 |  3.8
Fire Magic     | 4 |  4.8
Dodging        | |  2.0
Stealth        | |  2.6

Action                   |  1- 3 |  4- 6 |  7- 9 || total
-------------------------+-------+-------+-------++-------
Melee: Unarmed           |    18 |       |       ||    18
       Constrict         |     7 |     4 |     1 ||    12
       Tentacles         |     5 |     2 |     1 ||     8
       Club              |       |    12 |     8 ||    20
 Cast: Foxfire           |    46 |    76 |    11 ||   133
       Conjure Flame     |       |     3 |     1 ||     4
       Sticky Flame      |       |     1 |       ||     1
  Use: Potion            |       |     2 |     2 ||     4
  Eat: Chunk             |     2 |     4 |     1 ||     7
Armor: Skin              |     6 |     1 |       ||     7
Dodge: Dodged            |    26 |    12 |     8 ||    46

Table legend:
 A = Non-vault XP
 B = Vault XP
 C = Vault XP percentage of total XP
 D = Non-vault monster count
 E = Vault monster count
 F = Vault count percentage of total count
                 A         B        C        D         E       F
            +---------+---------+-------+---------+---------+-------
      Total |     565 |     296 |  34.4 |      61 |       4 |   6.2
            +---------+---------+-------+---------+---------+-------
        D:1 |      39 |       0 |   0.0 |      16 |       0 |   0.0
        D:2 |      41 |       0 |   0.0 |      12 |       0 |   0.0
        D:3 |      99 |      15 |  13.2 |      21 |       3 |  12.5
        D:4 |     386 |     281 |  42.1 |      12 |       1 |   7.7
            +---------+---------+-------+---------+---------+-------
